AoeStats
← ANGELSK3956

Arena

510564610Analyzed
3v3 RM · 1d ago on Oct 1, 2026· 34m 23s· 6 players
Game mode
Random Map
Map size
Normal (6 player)
Population
200
Speed
Normal
Resources
Standard
Victory
Conquest
Starting age
Dark Age
Ending age
Imperial Age
RankedLock teamsTeams togetherTeam positionsShared explorationLock speedFull tech treeHidden civsTurbo modeCheats
Victory
Defeat
🇮🇳 Britons · India
1199
+12
🇮🇳 Malians · India
1160
+13
🇮🇳 Khitans · India
1158
+13
🇪🇸 Varangians · Spain
1134
-14
🇪🇸 Khmer · Spain
1117
-13
🇪🇸 Turks · Spain
1061
-11
Guifré el Pelut
10:20 Feudal Age
11:01 Double-Bit Axe
11:52 Gold Mining
12:21 Loom
12:29 Loom
17:05 Castle Age
15:30 Scale Mail Armor
16:21 Bloodlines
17:55 Fletching
26:47 Horse Collar
28:31 Wheelbarrow
29:21 Scale Barding Armor
32:46 Stone Mining
33:29 Forging
33:18 Bodkin Arrow
joan_march
10:29 Feudal Age
13:12 Castle Age
11:27 Double-Bit Axe
15:38 Bow Saw
17:56 Loom
19:12 Horse Collar
21:14 Elite Skirmisher
24:05 Gold Mining
26:21 Padded Archer Armor
27:40 Leather Archer Armor
33:40 Imperial Age
sergidpablo
11:37 Feudal Age
11:48 Feudal Age
12:18 Double-Bit Axe
13:10 Horse Collar
14:54 Gold Mining
18:00 Castle Age
16:00 Stone Mining
20:09 Bow Saw
20:06 Heavy Plow
20:51 Gold Shaft Mining
25:45 Scale Barding Armor
32:14 Padded Archer Armor
33:47 Fletching
34:43 Ballistics
34:24 Bodkin Arrow
ANGELSK3956
10:23 Feudal Age
14:06 Castle Age
12:07 Double-Bit Axe
12:38 Loom
15:03 Horse Collar
23:47 Wheelbarrow
26:07 Town Watch
31:22 Imperial Age
29:00 Gold Mining
30:49 Bow Saw
30:41 Heavy Plow
30:32 Fletching
32:46 Stone Mining
TigerOfThanjai
10:34 Feudal Age
11:26 Double-Bit Axe
14:07 Castle Age
13:23 Stone Mining
14:54 Forging
15:50 Loom
21:06 Fletching
22:19 Padded Archer Armor
24:23 Gold Mining
24:48 Bow Saw
29:17 Horse Collar
30:03 Bodkin Arrow
32:59 Leather Archer Armor
33:39 Gold Shaft Mining
Sythe
10:25 Feudal Age
14:13 Castle Age
12:03 Domestication
12:25 Double-Bit Axe
14:41 Wheelbarrow
16:39 Pastoralism
17:23 Bow Saw
28:09 Imperial Age
25:29 Treadmill Crane
26:15 Forging
26:11 Scale Barding Armor
26:48 Husbandry
27:15 Loom
27:45 Hand Cart
28:21 Chain Barding Armor
29:08 Iron Casting
28:32 Elite Steppe Lancer
32:03 Plate Barding Armor
Connection lost

Rejoining the realm…

Still unreachable

The connection could not be restored.

Session expired

The server has moved on; the page needs a fresh start.